BLB
SEATTLE PILOTS @ CAROLINA TOBS
09/21/2059
 
TOP OF THE 1ST
Seattle Pilots batting - Pitching for Carolina Tobs : RHP Drew Daniels
Pitching: RHP Drew Daniels
Batting: RHB Douglas Morrison 0-0: SINGLE (Groundball, 56S, EV 71.2 MPH) (infield hit)
Batting: RHB Beau Pruett 0-0: Ball
Douglas Morrison steals 2nd base
1-0: Ball
2-0: Called Strike
2-1: Ball
3-1: Swinging Strike
3-2: Base on Balls
Batting: RHB Jerry Coleman 0-0: Ball
1-0: Foul Ball, location: 2F
1-1: Ball
2-1: Ball
3-1: Foul Ball, location: 2F
3-2: Grounds into double play, 4-6-3 (Groundball, 4M, EV 101.2 MPH)
Douglas Morrison to third
Batting: LHB Ryan Carr 0-0: Swinging Strike
0-1: Ball
1-1: Swinging Strike
1-2: Strikes out swinging
Top of the 1st over - 0 runs, 1 hit, 0 errors, 1 left on base; Seattle 0 - Carolina 0
BOTTOM OF THE 1ST
Carolina Tobs batting - Pitching for Seattle Pilots : LHP Conner Cook
Pitching: LHP Conner Cook
Batting: LHB Evan Turner 0-0: Ball
1-0: Called Strike
1-1: Swinging Strike
1-2: Ball
2-2: Fly out, F8 (Flyball, 8RD, EV 95.6 MPH)
Batting: RHB Rykeem Potts 0-0: Ball
1-0: SINGLE (Groundball, 56S, EV 75.6 MPH) (infield hit)
Batting: LHB Trent West 0-0: Called Strike
0-1: Ball
1-1: Foul Ball, location: 2F
1-2: Ball
2-2: Strikes out swinging
Batting: RHB Marcus Fahr 0-0: Ball
1-0: Ball
2-0: Foul Ball, location: 2F
2-1: Foul Ball, location: 2F
2-2: Ball
3-2: Foul Ball, location: 2F
3-2: Strikes out swinging
Bottom of the 1st over - 0 runs, 1 hit, 0 errors, 1 left on base; Seattle 0 - Carolina 0
TOP OF THE 2ND
Seattle Pilots batting - Pitching for Carolina Tobs : RHP Drew Daniels
Batting: RHB Cole Kleiner 0-0: Ball
1-0: Ball
2-0: Swinging Strike
2-1: Foul Ball, location: 2F
2-2: Strikes out swinging
Batting: LHB Joseph Brandon 0-0: Ball
1-0: Foul Ball, location: 2F
1-1: Called Strike
1-2: Ball
2-2: Foul Ball, location: 2F
2-2: SOLO HOME RUN (Flyball, 9LD, EV 95.0 MPH), Distance : 358 ft
Batting: RHB Alan West 0-0: Ball
1-0: Ball
2-0: Fly out, F7 (Flyball, 7, EV 95.6 MPH)
Batting: RHB Rice Mesyan 0-0: Called Strike
0-1: Ball
1-1: Foul Ball, location: 2F
1-2: Ball
2-2: Fly out, F8 (Flyball, 78S, EV 93.8 MPH)
Top of the 2nd over - 1 run, 1 hit, 0 errors, 0 left on base; Seattle 1 - Carolina 0
BOTTOM OF THE 2ND
Carolina Tobs batting - Pitching for Seattle Pilots : LHP Conner Cook
Batting: LHB Kyle Siebert 0-0: Ball
1-0: Foul Ball, location: 2F
1-1: Called Strike
1-2: Ball
2-2: Strikes out swinging
Batting: SHB JaQawn Schiegl 0-0: Called Strike
0-1: Ball
1-1: Called Strike
1-2: Foul Ball, location: 2F
1-2: Fly out, F3 (Popup, 3SF, EV 69.4 MPH)
Batting: LHB Spencer DeSimone 0-0: Ball
1-0: Ball
2-0: Foul Ball, location: 2F
2-1: Foul Ball, location: 2F
2-2: SINGLE (Line Drive, 6D, EV 95.6 MPH)
Batting: LHB Clay Newhouse 0-0: Ball
1-0: Called Strike
1-1: Ball
2-1: Ball
3-1: Called Strike
3-2: Strikes out swinging
Bottom of the 2nd over - 0 runs, 1 hit, 0 errors, 1 left on base; Seattle 1 - Carolina 0
TOP OF THE 3RD
Seattle Pilots batting - Pitching for Carolina Tobs : RHP Drew Daniels
Batting: RHB Kynan Shaw 0-0: Called Strike
0-1: Ball
1-1: Ground out 1-3 (Groundball, 13, EV 65.0 MPH)
Batting: RHB Douglas Morrison 0-0: Ball
1-0: SINGLE (Line Drive, 78S, EV 101.2 MPH)
Batting: RHB Beau Pruett 0-0: Swinging Strike
0-1: Ball
1-1: Ball
2-1: Foul Ball, location: 2F
2-2: Fly out, F8 (Flyball, 8RM, EV 97.5 MPH)
Batting: RHB Jerry Coleman 0-0: Ball
Douglas Morrison steals 2nd base
1-0: Swinging Strike
1-1: Foul Ball, location: 2F
1-2: Strikes out swinging
Top of the 3rd over - 0 runs, 1 hit, 0 errors, 1 left on base; Seattle 1 - Carolina 0
BOTTOM OF THE 3RD
Carolina Tobs batting - Pitching for Seattle Pilots : LHP Conner Cook
Batting: LHB L.G. Clia 0-0: Foul Ball, location: 2F
0-1: Foul Ball, location: 2F
0-2: Strikes out swinging
Batting: LHB Evan Turner 0-0: Called Strike
0-1: Swinging Strike
0-2: Ball
1-2: Strikes out looking
Batting: RHB Rykeem Potts 0-0: Called Strike
0-1: Called Strike
0-2: Ball
1-2: Ball
2-2: Ball
3-2: Strikes out swinging
Bottom of the 3rd over - 0 runs, 0 hits, 0 errors, 0 left on base; Seattle 1 - Carolina 0
TOP OF THE 4TH
Seattle Pilots batting - Pitching for Carolina Tobs : RHP Drew Daniels
Batting: LHB Ryan Carr 0-0: Foul Ball, location: 2F
0-1: Fly out, F7 (Flyball, 7D, EV 96.9 MPH)
Batting: RHB Cole Kleiner 0-0: Ball
1-0: Ball
2-0: SINGLE (Groundball, 4MD, EV 103.8 MPH)
Batting: LHB Joseph Brandon 0-0: Ball
1-0: Ball
2-0: Ball
3-0: Base on Balls
Cole Kleiner to second
Batting: RHB Alan West 0-0: Ball
1-0: Foul Ball, location: 2F
1-1: Called Strike
1-2: Foul Ball, location: 2F
1-2: Strikes out swinging
Batting: RHB Rice Mesyan 0-0: Ball
1-0: Called Strike
1-1: Ball
2-1: Ball
3-1: Ground out U3 (Groundball, 34, EV 81.9 MPH)
Top of the 4th over - 0 runs, 1 hit, 0 errors, 2 left on base; Seattle 1 - Carolina 0
BOTTOM OF THE 4TH
Carolina Tobs batting - Pitching for Seattle Pilots : LHP Conner Cook
Batting: LHB Trent West 0-0: Called Strike
0-1: Foul Ball, location: 2F
0-2: Ball
1-2: SINGLE (Groundball, 34D, EV 99.4 MPH)
Batting: RHB Marcus Fahr 0-0: Foul Ball, location: 2F
0-1: Foul Ball, location: 2F
0-2: Ball
1-2: Ball
2-2: Ball
3-2: Base on Balls
Trent West to second
Batting: LHB Kyle Siebert 0-0: Foul Ball, location: 2F
0-1: Ball
1-1: Swinging Strike
1-2: Ball
2-2: Ball
3-2: Base on Balls
Trent West to third
Marcus Fahr to second
Batting: SHB JaQawn Schiegl 0-0: Ball
1-0: SINGLE (Groundball, 56D, EV 108.1 MPH)
Trent West scores
Marcus Fahr to third
Kyle Siebert to second
Batting: LHB Spencer DeSimone 0-0: Called Strike
0-1: Called Strike
0-2: Ball
1-2: Ball
2-2: Foul Ball, location: 2F
2-2: Ground out 4-3 (Groundball, 4S, EV 73.1 MPH)
Marcus Fahr scores
Kyle Siebert to third
JaQawn Schiegl to second
Batting: LHB Clay Newhouse 0-0: Ball
1-0: Called Strike
1-1: Ground out U3 (Groundball, 3L, EV 87.5 MPH)
Batting: LHB L.G. Clia 0-0: Called Strike
0-1: Ground out 4-3 (Groundball, 4MS, EV 83.1 MPH)
Bottom of the 4th over - 2 runs, 2 hits, 0 errors, 2 left on base; Seattle 1 - Carolina 2
TOP OF THE 5TH
Seattle Pilots batting - Pitching for Carolina Tobs : RHP Drew Daniels
Batting: RHB Kynan Shaw 0-0: Called Strike
0-1: Reached on error, E6 (Groundball, 6M, EV 83.1 MPH)
Batting: RHB Douglas Morrison 0-0: Ball
1-0: Ground out 5-3 (Groundball, 56, EV 105.6 MPH)
Batting: RHB Beau Pruett 0-0: Ball
1-0: Ball
2-0: Foul Ball, location: 2F
2-1: Foul Ball, location: 2F
2-2: Fly out, F8 (Line Drive, 8LM, EV 105.0 MPH)
Batting: RHB Jerry Coleman 0-0: Foul Ball, location: 2F
0-1: Ball
1-1: Swinging Strike
1-2: Ball
2-2: Foul Ball, location: 2F
2-2: Ball
3-2: Base on Balls
Batting: LHB Ryan Carr 0-0: Fly out, F4 (Line Drive, 4, EV 70.0 MPH)
Top of the 5th over - 0 runs, 0 hits, 1 error, 2 left on base; Seattle 1 - Carolina 2
BOTTOM OF THE 5TH
Carolina Tobs batting - Pitching for Seattle Pilots : LHP Conner Cook
Batting: LHB Evan Turner 0-0: Swinging Strike
0-1: Foul Ball, location: 2F
0-2: Ball
1-2: Foul Ball, location: 2F
1-2: Strikes out swinging
Batting: RHB Rykeem Potts 0-0: Fly out, F8 (Flyball, 8LM, EV 83.1 MPH)
Batting: LHB Trent West 0-0: Ball
1-0: Foul Ball, location: 2F
1-1: SOLO HOME RUN (Flyball, 9D, EV 96.2 MPH), Distance : 356 ft
Batting: RHB Marcus Fahr 0-0: Foul Ball, location: 2F
0-1: SOLO HOME RUN (Flyball, 78XD, EV 110.6 MPH), Distance : 402 ft
Batting: LHB Kyle Siebert 0-0: SINGLE (Line Drive, 89M, EV 99.4 MPH)
Batting: SHB JaQawn Schiegl 0-0: Ball
1-0: Ball
2-0: Foul Ball, location: 2F
2-1: Foul Ball, location: 2F
2-2: Strikes out swinging
Bottom of the 5th over - 2 runs, 3 hits, 0 errors, 1 left on base; Seattle 1 - Carolina 4
TOP OF THE 6TH
Seattle Pilots batting - Pitching for Carolina Tobs : RHP Drew Daniels
Batting: RHB Cole Kleiner 0-0: Foul Ball, location: 2F
0-1: SINGLE (Line Drive, 89S, EV 103.1 MPH)
Batting: LHB Joseph Brandon 0-0: Ball
1-0: Ball
2-0: Ball
3-0: SINGLE (Flyball, 8LS, EV 92.5 MPH)
Cole Kleiner to second
Batting: RHB Alan West 0-0: Ball
1-0: Ball
2-0: Ball
3-0: Called Strike
3-1: Called Strike
3-2: Foul Ball, location: 2F
3-2: SINGLE (Flyball, 6MD, EV 93.1 MPH)
Cole Kleiner to third
Joseph Brandon to second
Batting: RHB Rice Mesyan 0-0: Called Strike
0-1: Ball
1-1: Fly out, F6 (Popup, 6M, EV 70.6 MPH)
Batting: RHB Kynan Shaw 0-0: Swinging Strike
0-1: Grounds into fielders choice 5-2 (Groundball, 56S, EV 68.8 MPH)
Joseph Brandon to third
Alan West to second
Pitching: RHP Dale Charlesworth
Batting: RHB Douglas Morrison 0-0: Ball
1-0: Ball
2-0: SINGLE (Groundball, 4MD, EV 100.6 MPH)
Joseph Brandon scores
Alan West to third
Kynan Shaw to second
Runner from 3rd tries for Home, SAFE, throw by CF to home
Kynan Shaw to third
Douglas Morrison to second
Batting: RHB Beau Pruett 0-0: Ball
1-0: Ball
2-0: Swinging Strike
2-1: Foul Ball, location: 2F
2-2: Foul Ball, location: 2F
2-2: Strikes out looking
Top of the 6th over - 2 runs, 4 hits, 0 errors, 2 left on base; Seattle 3 - Carolina 4
BOTTOM OF THE 6TH
Carolina Tobs batting - Pitching for Seattle Pilots : LHP Conner Cook
Batting: LHB Spencer DeSimone 0-0: Ball
1-0: Ball
2-0: Swinging Strike
2-1: Swinging Strike
2-2: Ball
3-2: Strikes out swinging
Pitching: LHP Desmond Forgey
Batting: LHB Clay Newhouse 0-0: Ball
1-0: Foul Ball, location: 2F
1-1: Swinging Strike
1-2: Strikes out swinging
Batting: LHB L.G. Clia 0-0: Ball
1-0: Ground out U3 (Groundball, 3, EV 100.6 MPH)
Bottom of the 6th over - 0 runs, 0 hits, 0 errors, 0 left on base; Seattle 3 - Carolina 4
TOP OF THE 7TH
Seattle Pilots batting - Pitching for Carolina Tobs : RHP Dale Charlesworth
Batting: RHB Jerry Coleman 0-0: Swinging Strike
0-1: SINGLE (Groundball, 56S, EV 75.6 MPH) (infield hit)
Batting: LHB Ryan Carr 0-0: 2-RUN HOME RUN (Line Drive, 9D, EV 99.4 MPH), Distance : 381 ft
Batting: RHB Cole Kleiner 0-0: Called Strike
0-1: Ball
1-1: Ball
2-1: Ball
3-1: Foul Ball, location: 2F
3-2: Base on Balls
Batting: LHB Joseph Brandon 0-0: Swinging Strike
0-1: DOUBLE (Line Drive, 7LM, EV 104.4 MPH)
Cole Kleiner to third
Pinch Hitting: LHB Cade McCormick 0-0: Ball
1-0: Ball
2-0: Swinging Strike
2-1: Swinging Strike
2-2: Ball
3-2: Base on Balls
Batting: RHB Rice Mesyan 0-0: Ball
1-0: Foul Ball, location: 2F
1-1: Grounds into fielders choice 1-2 (Groundball, 13, EV 72.5 MPH)
Joseph Brandon to third
Cade McCormick to second
Batting: RHB Kynan Shaw 0-0: Ball
1-0: Called Strike
1-1: Foul Ball, location: 2F
1-2: Strikes out swinging
Batting: RHB Douglas Morrison 0-0: Ball
1-0: Ball
2-0: Foul Ball, location: 2F
2-1: Swinging Strike
2-2: SINGLE (Groundball, 56S, EV 70.6 MPH) (infield hit)
Joseph Brandon scores
Cade McCormick to third
Rice Mesyan to second
Batting: RHB Beau Pruett 0-0: Ball
1-0: SINGLE (Line Drive, 56D, EV 97.5 MPH)
Cade McCormick scores
Rice Mesyan to third
Douglas Morrison to second
Runner from 3rd tries for Home, throw by LF and OUT! 7-2
Top of the 7th over - 4 runs, 5 hits, 0 errors, 2 left on base; Seattle 7 - Carolina 4
BOTTOM OF THE 7TH
Carolina Tobs batting - Pitching for Seattle Pilots : LHP Desmond Forgey
Now at 3B: Jovan Elerson
Batting: LHB Evan Turner 0-0: Called Strike
0-1: Ball
1-1: TRIPLE (Flyball, 78XD, EV 100.6 MPH)
Batting: RHB Rykeem Potts 0-0: Called Strike
0-1: Ball
1-1: Ball
2-1: Swinging Strike
2-2: Strikes out swinging
Batting: LHB Trent West 0-0: Ball
1-0: Ball
2-0: Called Strike
2-1: Foul Ball, location: 2F
2-2: Foul Ball, location: 2F
2-2: Ball
3-2: Fly out, F7 (Flyball, 7LM, EV 108.1 MPH)
Runner from 3rd tags up, SCORES, no throw by LF
Batting: RHB Marcus Fahr 0-0: Called Strike
0-1: Swinging Strike
0-2: Fly out, F8 (Flyball, 8RM, EV 83.8 MPH)
Bottom of the 7th over - 1 run, 1 hit, 0 errors, 0 left on base; Seattle 7 - Carolina 5
TOP OF THE 8TH
Seattle Pilots batting - Pitching for Carolina Tobs : RHP Dale Charlesworth
Pitching: LHP Martin Hoffman
Batting: RHB Jerry Coleman 0-0: Called Strike
0-1: Called Strike
0-2: Ball
1-2: Foul Ball, location: 2F
1-2: Foul Ball, location: 2F
1-2: Foul Ball, location: 2F
1-2: Fly out, F9 (Flyball, 9S, EV 76.9 MPH)
Batting: LHB Ryan Carr 0-0: Foul Ball, location: 2F
0-1: Called Strike
0-2: Ball
1-2: Foul Ball, location: 2F
1-2: Ball
2-2: Ball
3-2: Base on Balls
Batting: RHB Cole Kleiner 0-0: Foul Ball, location: 2F
0-1: Foul Ball, location: 2F
0-2: Ball
1-2: Strikes out swinging
Batting: LHB Joseph Brandon 0-0: Called Strike
0-1: Ball
1-1: Ball
2-1: Foul Ball, location: 2F
2-2: Foul Ball, location: 2F
2-2: Ground out 4-3 (Groundball, 4, EV 85.0 MPH)
Top of the 8th over - 0 runs, 0 hits, 0 errors, 1 left on base; Seattle 7 - Carolina 5
BOTTOM OF THE 8TH
Carolina Tobs batting - Pitching for Seattle Pilots : LHP Desmond Forgey
Batting: LHB Kyle Siebert 0-0: Ball
1-0: Foul Ball, location: 2F
1-1: Foul Ball, location: 2F
1-2: Fly out, F5 (Popup, 5S, EV 75.0 MPH)
Batting: SHB JaQawn Schiegl 0-0: Swinging Strike
0-1: Foul Ball, location: 2F
0-2: Foul Ball, location: 2F
0-2: Fly out, F7 (Flyball, 7LM, EV 100.0 MPH)
Batting: LHB Spencer DeSimone 0-0: Called Strike
0-1: Ball
1-1: Foul Ball, location: 2F
1-2: Ball
2-2: Foul Ball, location: 2F
2-2: Strikes out swinging
Bottom of the 8th over - 0 runs, 0 hits, 0 errors, 0 left on base; Seattle 7 - Carolina 5
TOP OF THE 9TH
Seattle Pilots batting - Pitching for Carolina Tobs : LHP Martin Hoffman
Batting: RHB Jovan Elerson 0-0: Swinging Strike
0-1: Called Strike
0-2: Foul Ball, location: 2F
0-2: Ball
1-2: Ball
2-2: Strikes out looking
Batting: RHB Rice Mesyan 0-0: Ball
1-0: Ball
2-0: Swinging Strike
2-1: DOUBLE (Line Drive, 89D, EV 108.1 MPH)
Batting: RHB Kynan Shaw 0-0: Ball
1-0: Called Strike
Rice Mesyan steals 3rd, throwing error, E2
Rice Mesyan scores
1-1: Ball
2-1: Fly out, F8 (Flyball, 78M, EV 75.0 MPH)
Batting: RHB Douglas Morrison 0-0: Ball
1-0: Ball
2-0: Ball
3-0: Called Strike
3-1: Called Strike
3-2: Foul Ball, location: 2F
3-2: Base on Balls
Batting: RHB Beau Pruett 0-0: Called Strike
0-1: Foul Ball, location: 2F
0-2: Ball
1-2: Ball
2-2: SINGLE (Groundball, 6, EV 95.6 MPH)
Douglas Morrison to second
Runner from 2nd tries for 3rd, SAFE, throw by CF made to third
Beau Pruett to second
Batting: RHB Jerry Coleman 0-0: Called Strike
0-1: Ball
1-1: Swinging Strike
1-2: Foul Ball, location: 2F
1-2: Ball
2-2: Strikes out looking
Top of the 9th over - 1 run, 2 hits, 1 error, 2 left on base; Seattle 8 - Carolina 5
BOTTOM OF THE 9TH
Carolina Tobs batting - Pitching for Seattle Pilots : LHP Desmond Forgey
Pitching: LHP R.J. Gabriele
Batting: LHB Clay Newhouse 0-0: Swinging Strike
0-1: Swinging Strike
0-2: Foul Ball, location: 2F
0-2: Fly out, F8 (Flyball, 8LM, EV 81.9 MPH)
Pinch Hitting: RHB Johnathan Shillito 0-0: Called Strike
0-1: Ball
1-1: Foul Ball, location: 2F
1-2: Foul Ball, location: 2F
1-2: Foul Ball, location: 2F
1-2: Ball
2-2: Fly out, F8 (Flyball, 8RD, EV 77.5 MPH)
Batting: LHB Evan Turner 0-0: Fly out, F9 (Flyball, 9D, EV 85.0 MPH)
Bottom of the 9th over - 0 runs, 0 hits, 0 errors, 0 left on base; Seattle 8 - Carolina 5
Tuesday, April 2nd , 2024 - OOTP Baseball 23.10 Build 110